[Event "Titled Tuesday Blitz April 26 Late 2022"]
[White "Nakamura, Hikaru"]
[Black "Vasquez Schroeder, Rodrigo"]
[WhiteFideId "2016192"]
[BlackFideId "3400042"]
[WhiteElo "2850"]
[BlackElo "2561"]
[Result "1/2-1/2"]
[Round "06"]
[TimeControl "180+1"]
[Date "2022.04.26"]
[WhiteClock "0:00:20"]
[BlackClock "0:00:26"]

1. Nf3 c5 2. b3 Nf6 3. Bb2 e6 4. g3 b6 5. Bg2 Bb7 6. O-O Be7 7. d4 cxd4 8. Qxd4 d6 9. c4 a6 10. Nc3 Nbd7 11. Rfd1 O-O 12. Ne1 Qc7 13. Bxb7 Qxb7 14. Ng2 b5 15. Rab1 Rfc8 16. Ne3 Rab8 17. Ba1 Ne5 18. f4 Nc6 19. Qd2 bxc4 20. bxc4 Qa7 21. Rxb8 Rxb8 22. Kg2 h6 23. Rf1 Rb4 24. Ncd1 Qb7 25. Kg1 Ne4 26. Qc2 Nc5 27. Nf2 Nd7 28. Bc3 Rb6 29. Rd1 Qc7 30. Qd2 Nc5 31. Qc2 Nb4 32. Qd2 Nc6 33. f5 Nd7 34. Nfg4 Rb8 35. f6 Nxf6 36. Nxf6+ Bxf6 37. Bxf6 gxf6 38. Ng4 f5 39. Nxh6+ Kf8 40. Qg5 Ne5 41. Qf6 Qd8 42. Qh8+ Ke7 43. Qg7 Qb6+ 44. Kf1 Qe3 45. c5 Qxc5 46. Qg5+ Kd7 47. Qg7 Ke7 48. Qg5+ Kd7 49. Qg7 Ke7 1/2-1/2


[Site "https://www.chess.com"]

[Event "Titled Tuesday Blitz April 26 Late 2022"]
[White "Naroditsky, Daniel"]
[Black "Ivanisevic, Ivan"]
[WhiteFideId "2026961"]
[BlackFideId "912417"]
[WhiteElo "2608"]
[BlackElo "2495"]
[Result "1-0"]
[Round "06"]
[TimeControl "180+1"]
[Date "2022.04.26"]
[WhiteClock "0:00:39"]
[BlackClock "0:00:02"]

1. e4 e5 2. Nf3 Nc6 3. Bb5 a6 4. Ba4 Nf6 5. O-O Be7 6. d3 d6 7. c4 O-O 8. h3 Nd7 9. Bxc6 bxc6 10. d4 a5 11. Nc3 Re8 12. b3 Bf8 13. Re1 Bb7 14. Bb2 exd4 15. Nxd4 Nc5 16. Qd2 a4 17. Rad1 axb3 18. axb3 Qc8 19. Qc2 Ne6 20. Nf3 h6 21. Ne2 Ra2 22. Qb1 Ra8 23. Ng3 c5 24. Qc1 Bc6 25. Nf5 Ra2 26. Nh2 Qb7 27. Ng4 Qxb3 28. Bxg7 Bxg7 29. Nxg7 Nxg7 30. Nf6+ Kf8 31. Qxh6 Re6 32. Qh8+ Ke7 33. Ng8+ Kf8 34. Nh6+ Ke7 35. Qxg7 Kd8 36. Qxf7 Re8 37. e5 Qc2 38. exd6 Rxe1+ 39. Rxe1 cxd6 40. Ng4 1-0


[Site "https://www.chess.com"]

[Event "Titled Tuesday Blitz April 26 Late 2022"]
[White "Needleman, Alejandro"]
[Black "Janaszak, Dawid"]
[WhiteFideId "100730"]
[BlackFideId "1119206"]
[WhiteElo "2345"]
[BlackElo "2199"]
[Result "0-1"]
[Round "06"]
[TimeControl "180+1"]
[Date "2022.04.26"]
[WhiteClock "0:00:57"]
[BlackClock "0:00:20"]

1. e4 c5 2. Nf3 Nc6 3. d4 cxd4 4. Nxd4 g6 5. Nc3 Bg7 6. Nf3 Nf6 7. Bc4 O-O 8. O-O d6 9. h3 b6 10. Re1 Bb7 11. Nd5 Rc8 12. Bb3 Na5 13. c3 Nxb3 14. axb3 a6 15. Bg5 Nxd5 16. exd5 Re8 17. Qd3 Qd7 18. Ra4 e5 19. dxe6 Rxe6 20. Rd1 Rce8 21. Bf4 b5 22. Raa1 Be4 23. Qe3 Bc2 24. Qd2 Bxd1 25. Rxd1 Re2 26. Qc1 Qe6 27. b4 Qb3 28. Rd2 d5 29. Be3 Rxd2 30. Qxd2 Qc4 31. Nd4 Bxd4 32. Bxd4 Re4 33. Bf6 Re6 34. Bd4 f6 35. Qf4 Qc6 36. h4 Qd6 37. Qf3 Re1# 0-1


[Site "https://www.chess.com"]

[Event "Titled Tuesday Blitz April 26 Late 2022"]
[White "Nozdrachev, Leonid"]
[Black "Tristan, Leonardo"]
[WhiteFideId "24113433"]
[BlackFideId "113816"]
[WhiteElo "2242"]
[BlackElo "2404"]
[Result "0-1"]
[Round "06"]
[TimeControl "180+1"]
[Date "2022.04.26"]
[WhiteClock "0:00:01"]
[BlackClock "0:00:10"]

1. e4 d5 2. exd5 Qxd5 3. d4 Nc6 4. Nf3 Bg4 5. Be2 O-O-O 6. c4 Qf5 7. Be3 Bxf3 8. Bxf3 Nxd4 9. Bxd4 Qe6+ 10. Be2 c5 11. Nc3 cxd4 12. Nd5 Qd6 13. Qxd4 e6 14. Qxa7 exd5 15. cxd5 Qb4+ 16. Kf1 Rxd5 17. Qa8+ Kc7 18. Rc1+ Rc5 19. Rd1 Be7 20. Qe8 Kb6 21. h4 Re5 22. Rh3 Rxe2 23. Rb3 Rxb2 24. Rxb4+ Rxb4 25. Rc1 Rxh4 26. Ke2 Re4+ 27. Kf3 f5 28. Rb1+ Bb4 29. Qd8+ Ka6 30. Qa8+ Kb6 31. Qd8+ Kc6 32. Qc8+ Kd6 33. Qxf5 Nf6 34. Rd1+ Ke7 35. Qb5 Rf8 36. Rd7+ Nxd7+ 37. Kxe4 Bd6 38. Qxb7 Rf4+ 39. Ke3 Ra4 40. g3 Ra3+ 41. Ke2 Rxa2+ 42. Kf1 Bc5 43. Qe4+ Kd8 44. Qxh7 Rxf2+ 45. Ke1 Bd4 46. Qg8+ Ke7 47. Qd5 Bc5 48. Qg5+ Kd6 49. Qxg7 Rf6 50. Qg8 Re6+ 51. Kd1 Ne5 52. g4 Nc4 53. Qd8+ Ke5 54. Qc7+ Rd6+ 55. Ke2 Kd4 56. Qg7+ Ne5 0-1


[Site "https://www.chess.com"]

[Event "Titled Tuesday Blitz April 26 Late 2022"]
[White "Omariev, Maksim"]
[Black "Rozman, Levy"]
[WhiteFideId "4193423"]
[BlackFideId "2039877"]
[WhiteElo "2505"]
[BlackElo "2376"]
[Result "1-0"]
[Round "06"]
[TimeControl "180+1"]
[Date "2022.04.26"]
[WhiteClock "0:00:08"]
[BlackClock "0:00:22"]

1. g4 d5 2. Bg2 c6 3. h3 e5 4. d4 e4 5. c4 f5 6. Nc3 fxg4 7. hxg4 Bxg4 8. cxd5 cxd5 9. Qb3 Nf6 10. Qxb7 Nbd7 11. Bf4 Qc8 12. Qb3 Nb6 13. f3 Be6 14. O-O-O exf3 15. Nxf3 Qc4 16. Qxc4 Nxc4 17. Ng5 Bg8 18. e4 O-O-O 19. e5 Ne8 20. e6 Nf6 21. Be5 Be7 22. Nf7 Bxf7 23. exf7 Ne3 24. Bh3+ Kb7 25. Rde1 Nc4 26. Be6 Nb6 27. a4 a5 28. Rhg1 Bf8 29. Bxf6 gxf6 30. Rg8 Bh6+ 31. Kc2 Rf8 32. Reg1 Nd7 33. Rxh8 Rxh8 34. Rg8 Nf8 35. Rxh8 Nxe6 36. Re8 Ng5 37. Nxd5 Kc6 38. Nxf6 Nf3 39. Kd3 Nxd4 40. f8=Q Bg7 41. Qxg7 Nf3 42. Qd7+ Kc5 43. Rc8+ Kb4 44. Qd6+ Kb3 45. Rc4 Ka2 46. Qb6 Ne1+ 47. Kd2 Nf3+ 48. Kc2 Ne5 49. Kc1 Nxc4 50. Qe6 Kb3 51. Qd5 Kb4 52. Ne4 Ne3 53. Qc5+ Kb3 54. Qxe3+ Kc4 55. Qc3+ Kd5 56. Ng5 h6 57. Nh7 Ke4 58. Qf6 Kd3 59. Qxh6 Kc4 60. Qg5 Kb3 61. Qb5+ Ka2 62. Qxa5 1-0


[Site "https://www.chess.com"]

[Event "Titled Tuesday Blitz April 26 Late 2022"]
[White "Onslow, Alfie"]
[Black "February, Jesse Nikki"]
[WhiteFideId "436976"]
[BlackFideId "14312336"]
[WhiteElo "1884"]
[BlackElo "1824"]
[Result "1-0"]
[Round "06"]
[TimeControl "180+1"]
[Date "2022.04.26"]
[WhiteClock "0:00:28"]
[BlackClock "0:00:14"]

1. e4 e6 2. d4 d5 3. e5 c5 4. c3 Nc6 5. Nf3 cxd4 6. cxd4 f6 7. exf6 Nxf6 8. Nc3 Bd6 9. Bd3 O-O 10. h3 e5 11. dxe5 Nxe5 12. Nxe5 Bxe5 13. O-O d4 14. Ne4 Nxe4 15. Bxe4 Qh4 16. Qc2 Bxh3 17. gxh3 Qxh3 18. Qb3+ Qxb3 19. axb3 Rae8 20. Bxb7 Rf6 21. f4 Rg6+ 22. Bg2 Bb8 23. Bd2 d3 24. Rae1 Rc8 25. Re3 Rd8 26. Rff3 Rg4 27. Rxd3 Rxd3 28. Rxd3 Bxf4 29. Bxf4 Rxf4 30. Rd7 Rb4 31. Rxa7 Rxb3 32. Bd5+ 1-0


[Site "https://www.chess.com"]

[Event "Titled Tuesday Blitz April 26 Late 2022"]
[White "Ouellet, Maili-Jade"]
[Black "Fishbein, Alexander"]
[WhiteFideId "2620472"]
[BlackFideId "2000377"]
[WhiteElo "1899"]
[BlackElo "2442"]
[Result "0-1"]
[Round "06"]
[TimeControl "180+1"]
[Date "2022.04.26"]
[WhiteClock "0:00:05"]
[BlackClock "0:00:21"]

1. d4 Nf6 2. c4 g6 3. Nc3 Bg7 4. e4 d6 5. f4 O-O 6. Nf3 a6 7. Be2 c5 8. d5 b5 9. e5 dxe5 10. fxe5 Ng4 11. Bf4 Nd7 12. cxb5 axb5 13. Bxb5 Ngxe5 14. O-O Ba6 15. Bxa6 Rxa6 16. Nxe5 Bxe5 17. Bxe5 Nxe5 18. Qe2 Qd6 19. Rae1 Nd7 20. Qxe7 Qxe7 21. Rxe7 Nb6 22. d6 Nc8 23. Rexf7 Rxf7 24. Rxf7 Nxd6 25. Rf6 Kg7 26. Ne4 Ra4 27. Nxc5 Kxf6 28. Nxa4 Ke5 29. Kf2 Kd4 30. Ke2 g5 31. b3 h5 32. Nb2 Ne4 33. Nd1 g4 34. a4 Nc5 35. Ne3 Nxb3 36. Nf5+ Ke5 37. Ng7 h4 38. g3 h3 39. Nh5 Nd4+ 40. Kf2 Nf3 41. a5 Kd6 42. Nf6 Nxh2 43. Ke3 Nf1+ 44. Kf4 h2 45. a6 h1=Q 46. Nxg4 Qg2 47. a7 Qxg3+ 48. Kf5 Qf3+ 49. Kg5 Qa8 0-1


[Site "https://www.chess.com"]

[Event "Titled Tuesday Blitz April 26 Late 2022"]
[White "Pakleza, Zbigniew"]
[Black "Sheng, Joshua"]
[WhiteFideId "1119290"]
[BlackFideId "2057360"]
[WhiteElo "2467"]
[BlackElo "2142"]
[Result "0-1"]
[Round "06"]
[TimeControl "180+1"]
[Date "2022.04.26"]
[WhiteClock "0:00:04"]
[BlackClock "0:00:50"]

1. d4 Nf6 2. Nf3 d5 3. Bf4 Bf5 4. c4 e6 5. Nc3 Bb4 6. e3 O-O 7. Bd3 Ne4 8. Rc1 dxc4 9. Bxe4 Bxe4 10. O-O Bd3 11. Re1 Nd7 12. Nd2 c6 13. a3 Be7 14. b3 Bxa3 15. Nxc4 Bxc4 16. bxc4 Bxc1 17. Qxc1 Re8 18. Bg3 e5 19. d5 Nb6 20. Rd1 Nxc4 21. dxc6 Qc7 22. cxb7 Qxb7 23. Nd5 Rac8 24. Qa1 Qb3 25. e4 Qc2 26. f3 a5 27. Bf2 Nb2 28. Rb1 Nd3 29. Be3 Qe2 30. h4 Rc2 31. Ne7+ Kh8 0-1


[Site "https://www.chess.com"]

[Event "Titled Tuesday Blitz April 26 Late 2022"]
[White "Paravyan, David"]
[Black "Ohanyan, Emin"]
[WhiteFideId "4194985"]
[BlackFideId "13312022"]
[WhiteElo "2569"]
[BlackElo "1927"]
[Result "1-0"]
[Round "06"]
[TimeControl "180+1"]
[Date "2022.04.26"]
[WhiteClock "0:01:13"]
[BlackClock "0:00:03"]

1. e4 e5 2. Nf3 Nc6 3. Nc3 Nf6 4. d4 exd4 5. Nxd4 Bb4 6. Nxc6 bxc6 7. Bd3 d5 8. exd5 O-O 9. O-O cxd5 10. Bg5 c6 11. Qf3 h6 12. Bxf6 Qxf6 13. Qxf6 gxf6 14. Ne2 Rb8 15. b3 Re8 16. Rfd1 Bf8 17. Kf1 c5 18. Nf4 Be6 19. Be2 d4 20. Nxe6 fxe6 21. Bc4 Kg7 22. Rd3 f5 23. f4 Bd6 24. g3 e5 25. fxe5 Rxe5 26. c3 Re4 27. Rad1 Be5 28. Bd5 Re3 29. Rxe3 dxe3 30. Rd3 Rd8 31. Ke2 f4 32. Kf3 fxg3 33. hxg3 Bxc3 34. Rxc3 Rxd5 35. Kxe3 Kf6 36. Rc4 Kg5 37. Ra4 Rd7 38. Kf3 Rd3+ 39. Kg2 Rd7 40. Kh3 Kf5 41. Ra5 Rc7 42. b4 Ke4 43. Rxc5 Rb7 44. a3 Rd7 45. Kh4 Rd1 46. Kg4 Ra1 47. Ra5 Rh1 48. a4 Rh2 49. Rxa7 h5+ 50. Kg5 Kf3 51. Rc7 Rb2 52. Rc3+ Kg2 53. Kxh5 Rxb4 54. Ra3 Rb6 55. a5 Rb3 56. Rxb3 1-0


[Site "https://www.chess.com"]

[Event "Titled Tuesday Blitz April 26 Late 2022"]
[White "Pesotskiy, Mikhail"]
[Black "Andreikin, Dmitry"]
[WhiteFideId "34164453"]
[BlackFideId "4158814"]
[WhiteElo "2010"]
[BlackElo "2736"]
[Result "0-1"]
[Round "06"]
[TimeControl "180+1"]
[Date "2022.04.26"]
[WhiteClock "0:00:21"]
[BlackClock "0:02:15"]

1. d4 d5 2. c4 dxc4 3. e3 e5 4. Bxc4 Nc6 5. Nf3 e4 6. Nfd2 Qg5 7. g3 Nf6 8. h4 Qf5 9. Nc3 Be6 10. Qb3 O-O-O 11. Bxe6+ fxe6 12. a3 e5 13. d5 Nd4 14. exd4 exd4 15. Ne2 Bc5 16. Nf4 Nxd5 17. Nc4 e3 18. fxe3 dxe3 19. Qd3 Qg4 20. Ne2 Nb4 21. Qb1 Nd3+ 0-1


[Site "https://www.chess.com"]

[Event "Titled Tuesday Blitz April 26 Late 2022"]
[White "Petrovic, Aleksa"]
[Black "Aroesti, Roee"]
[WhiteFideId "967629"]
[BlackFideId "2817144"]
[WhiteElo "2198"]
[BlackElo "2068"]
[Result "1/2-1/2"]
[Round "06"]
[TimeControl "180+1"]
[Date "2022.04.26"]
[WhiteClock "0:00:13"]
[BlackClock "0:00:04"]

1. d4 Nf6 2. c4 b6 3. Nf3 Bb7 4. g3 g6 5. Bg2 Bg7 6. O-O O-O 7. Nc3 Ne4 8. Qd3 Nxc3 9. Qxc3 c5 10. Rd1 cxd4 11. Nxd4 Bxg2 12. Kxg2 Qc8 13. Qf3 Nc6 14. Nxc6 Qxc6 15. Bg5 Bxb2 16. Rab1 Bg7 17. Bxe7 Rfe8 18. Bg5 Rxe2 19. Rxd7 Qxf3+ 20. Kxf3 Rxa2 21. Rbd1 h6 22. Be3 Rc2 23. Rd8+ Rxd8 24. Rxd8+ Kh7 25. Rd7 Rxc4 26. Rxa7 Kg8 27. Bxb6 Rc3+ 28. Be3 Bd4 29. Re7 Bxe3 30. Rxe3 Rxe3+ 31. Kxe3 Kg7 32. Ke4 Kf6 33. f4 Ke6 34. h3 Kd6 35. f5 g5 36. Kd4 f6 37. g4 Kc6 38. Kc4 Kd6 39. Kd4 Kc6 40. Kc4 Kd6 41. Kd4 1/2-1/2


[Site "https://www.chess.com"]

[Event "Titled Tuesday Blitz April 26 Late 2022"]
[White "Pinheiro, Iung Alicio de O."]
[Black "Tatarinov, Dmitry"]
[WhiteFideId "2104350"]
[BlackFideId "24160067"]
[WhiteElo "2471"]
[BlackElo "2302"]
[Result "1-0"]
[Round "06"]
[TimeControl "180+1"]
[Date "2022.04.26"]
[WhiteClock "0:00:27"]
[BlackClock "0:01:18"]

1. c4 e5 2. g3 h5 3. Nc3 h4 4. g4 Bc5 5. h3 d6 6. Qc2 Nc6 7. e3 Nge7 8. Bg2 f5 9. gxf5 Bxf5 10. Be4 Be6 11. Nd5 Qd7 12. a3 a6 13. b4 Ba7 14. Bb2 O-O 15. Nf3 b5 16. Ng5 Bf5 17. Bxf5 Rxf5 18. Rg1 Nxd5 19. cxd5 Ne7 20. Ne6 g6 21. Rxg6+ Nxg6 22. Qxf5 Qf7 23. Qg4 c6 24. f4 exf4 25. Nxf4 Rf8 26. O-O-O Qf5 27. Qxg6+ Qxg6 28. Nxg6 Rc8 29. Ne7+ 1-0


[Site "https://www.chess.com"]

[Event "Titled Tuesday Blitz April 26 Late 2022"]
[White "Proudian, Armen"]
[Black "Prohorov, Olexandr"]
[WhiteFideId "2130734"]
[BlackFideId "14105578"]
[WhiteElo "2380"]
[BlackElo "1993"]
[Result "0-1"]
[Round "06"]
[TimeControl "180+1"]
[Date "2022.04.26"]
[WhiteClock "0:00:40"]
[BlackClock "0:00:14"]

1. e4 c5 2. Nf3 e6 3. d4 cxd4 4. Nxd4 Qb6 5. Nb3 Nf6 6. Nc3 Bb4 7. Be3 Qc7 8. Bd3 d5 9. exd5 Nxd5 10. Bd2 Nxc3 11. bxc3 Be7 12. O-O O-O 13. Nd4 Nd7 14. Re1 Nc5 15. Re3 g6 16. Qf3 Bd7 17. Rb1 a6 18. Re2 Rac8 19. Bh6 Rfe8 20. Qe3 b5 21. Nf3 Na4 22. Ne5 Nxc3 23. Rbe1 Nxe2+ 24. Rxe2 f6 25. Nxg6 hxg6 26. Bxg6 Red8 27. Qh3 Bf8 28. Bf4 Be8 29. Qxe6+ Bf7 30. Bxc7 Bxe6 31. Bxd8 Rxd8 32. Bd3 Bxa2 33. h4 Bc5 34. Re4 Kf7 35. g4 Re8 36. Rf4 Kg7 37. Kg2 Bd5+ 38. f3 Re1 39. Rf5 Re5 40. Rf4 Bd6 41. Rb4 Bxb4 42. Kg3 Bc4 43. f4 Bxd3 44. fxe5 Bxc2 45. e6 Kf8 46. g5 Ke7 47. Kg4 fxg5 48. h5 Kxe6 49. Kxg5 Kd5 50. Kh6 Kc4 51. Kg5 a5 52. Kh6 a4 53. Kg7 a3 54. h6 Bb1 55. Kg8 Bh7+ 56. Kxh7 a2 57. Kh8 a1=Q+ 58. Kg8 Qa8+ 59. Kh7 Qb7+ 60. Kg8 Qc8+ 61. Kh7 Qd7+ 62. Kg6 Qe8+ 63. Kg7 Qe7+ 64. Kg6 Qf8 65. Kh7 Bc3 66. Kg6 Qg8+ 67. Kh5 Qh7 68. Kg5 Bg7 69. hxg7 Qxg7+ 70. Kf5 Qe7 71. Kf4 Kd5 72. Kf3 Qe4+ 73. Kg3 Kd4 74. Kf2 Qe3+ 75. Kg2 Ke4 76. Kf1 Kf4 77. Kg2 Qe2+ 78. Kh1 Kg3 79. Kg1 Qf2+ 80. Kh1 Qg2# 0-1


[Site "https://www.chess.com"]

[Event "Titled Tuesday Blitz April 26 Late 2022"]
[White "Przybylski, Wojciech"]
[Black "Arnold, Ken"]
[WhiteFideId "1117599"]
[BlackFideId "2056836"]
[WhiteElo "2133"]
[BlackElo "2290"]
[Result "1-0"]
[Round "06"]
[TimeControl "180+1"]
[Date "2022.04.26"]
[WhiteClock "0:00:04"]
[BlackClock "0:00:02"]

1. d4 Nf6 2. c4 e6 3. Nf3 d5 4. Nc3 c6 5. Bg5 Nbd7 6. e3 Be7 7. Bd3 dxc4 8. Bxc4 b5 9. Bd3 Bb7 10. O-O a6 11. Rc1 c5 12. dxc5 Nxc5 13. Bb1 Qxd1 14. Rfxd1 O-O 15. a3 Rfd8 16. Ne5 h6 17. Bh4 Rac8 18. Bc2 g5 19. Bg3 Nce4 20. Nxe4 Rxd1+ 21. Rxd1 Nxe4 22. Bb3 Nxg3 23. hxg3 Bf6 24. Nxf7 Bd5 25. Bxd5 Kxf7 26. Bb7 Rc2 27. Bxa6 Rxb2 28. Rd7+ Be7 29. Rb7 b4 30. axb4 Rxb4 31. Rd7 Rb1+ 32. Kh2 Rb2 33. Kg1 Rb1+ 34. Kh2 Rb2 35. f3 Kf6 36. Bc4 Rb6 37. Rc7 Bd6 38. Rc8 h5 39. Re8 Bc7 40. Kh3 Rc6 41. Ba2 Rd6 42. Rh8 Kg6 43. Bb1+ Kg7 44. Rxh5 Bd8 45. Be4 Rd2 46. Kg4 Rxg2 47. Rh7+ Kf8 48. Rd7 Be7 49. Rb7 Kf7 50. Bd3 Kf6 51. Bc4 Rd2 52. Rb6 Rd6 53. Rb5 Rc6 54. Bb3 Rc5 55. Rb8 Rc6 56. e4 Ke5 57. Rb5+ Rc5 58. Rb6 Bf6 59. Rxe6+ Kd4 60. Rxf6 Kc3 61. Rf5 1-0


[Site "https://www.chess.com"]

[Event "Titled Tuesday Blitz April 26 Late 2022"]
[White "Qiao, Cindy"]
[Black "Papp, Petra"]
[WhiteFideId "2620243"]
[BlackFideId "739049"]
[WhiteElo "2243"]
[BlackElo "2259"]
[Result "0-1"]
[Round "06"]
[TimeControl "180+1"]
[Date "2022.04.26"]
[WhiteClock "0:00:04"]
[BlackClock "0:00:51"]

1. d4 d5 2. Bf4 c5 3. e3 Nc6 4. c3 Qb6 5. Qb3 c4 6. Qc2 e5 7. dxe5 Bf5 8. Qc1 f6 9. Nf3 g5 10. Bg3 Bg7 11. exf6 Bxf6 12. Nbd2 h5 13. h3 Nge7 14. Be2 O-O-O 15. Nd4 Bd7 16. b3 cxb3 17. axb3 Be5 18. Bxe5 Nxe5 19. c4 Kb8 20. Qa3 Nc8 21. c5 Qf6 22. b4 g4 23. h4 Rhf8 24. Rf1 Qxh4 25. b5 Rxf2 26. Rxf2 Rf8 27. N2f3 gxf3 28. Bxf3 Nc4 29. Qb3 Re8 30. Nc2 Bf5 31. Qc3 Bxc2 32. Qxc2 Nxe3 33. Qd3 Ng4+ 34. Kd1 Nxf2+ 0-1


[Site "https://www.chess.com"]

[Event "Titled Tuesday Blitz April 26 Late 2022"]
[White "Rastbod, Ali"]
[Black "Toncheva, Nadya"]
[WhiteFideId "12567477"]
[BlackFideId "2924056"]
[WhiteElo "2147"]
[BlackElo "1884"]
[Result "0-1"]
[Round "06"]
[TimeControl "180+1"]
[Date "2022.04.26"]
[WhiteClock "0:00:07"]
[BlackClock "0:00:07"]

1. e4 c5 2. Nf3 d6 3. Bb5+ Nc6 4. O-O Bd7 5. Re1 a6 6. Bf1 Bg4 7. c3 g6 8. h3 Bxf3 9. Qxf3 Bg7 10. d3 Nf6 11. Be3 O-O 12. Nd2 Rc8 13. Qd1 b5 14. a3 Nd7 15. Nf3 Nde5 16. Nxe5 Nxe5 17. f4 Nc6 18. Qf3 Qa5 19. Rad1 Qa4 20. Qf2 b4 21. axb4 cxb4 22. d4 a5 23. e5 d5 24. c4 dxc4 25. Bxc4 b3 26. Ba6 Rcd8 27. d5 Nb4 28. Bc4 Nc2 29. Qf1 Nxe1 30. Rxe1 Qb4 31. Ra1 a4 32. Qd3 Rc8 33. Bb5 Rc2 34. Rxa4 Qe1+ 35. Kh2 Rxb2 36. Re4 Qb1 37. Bd4 Qxd3 38. Bxd3 Rd2 39. Re3 b2 40. Bc3 Rxd3 41. Rxd3 b1=Q 42. Rf3 Qe4 43. d6 exd6 44. exd6 Bxc3 45. Rxc3 Qxf4+ 46. Rg3 Qxd6 47. h4 h5 48. Kh3 Qf4 49. Rf3 Qg4+ 50. Kh2 Qxh4+ 51. Rh3 Qf4+ 52. Kg1 h4 53. Rf3 Qg4 54. Kh2 Rd8 55. Rh3 Rd2 56. Rf3 Qxf3 57. Kh1 Qxg2# 0-1


[Site "https://www.chess.com"]

[Event "Titled Tuesday Blitz April 26 Late 2022"]
[White "Rasulov, Vugar"]
[Black "Zhurbinsky, David"]
[WhiteFideId "13402390"]
[BlackFideId "2072904"]
[WhiteElo "2560"]
[BlackElo "2563"]
[Result "1-0"]
[Round "06"]
[TimeControl "180+1"]
[Date "2022.04.26"]
[WhiteClock "0:03:00"]
[BlackClock "0:02:14"]

1. d4 Nf6 2. c4 e6 3. Nc3 Bb4 4. Bd2 O-O 5. Nf3 d6 6. e3 Nbd7 7. Be2 Qe7 8. O-O e5 9. Rc1 Bxc3 10. Bxc3 Ne4 11. Be1 f5 12. Qc2 b6 13. b4 a5 14. a3 Bb7 15. c5 bxc5 16. bxc5 dxc5 17. Qb3+ Bd5 18. Qxd5+ 1-0


[Site "https://www.chess.com"]

[Event "Titled Tuesday Blitz April 26 Late 2022"]
[White "Rosen, Eric"]
[Black "Meduri, Aakaash"]
[WhiteFideId "2032562"]
[BlackFideId "2032252"]
[WhiteElo "2362"]
[BlackElo "2096"]
[Result "1-0"]
[Round "06"]
[TimeControl "180+1"]
[Date "2022.04.26"]
[WhiteClock "0:00:07"]
[BlackClock "0:00:03"]

1. d4 d5 2. Bf4 Nf6 3. Nc3 a6 4. e3 c5 5. Nf3 e6 6. Ne5 cxd4 7. exd4 Nc6 8. Nxc6 bxc6 9. Na4 Bd6 10. Bxd6 Qxd6 11. Be2 O-O 12. O-O e5 13. dxe5 Qxe5 14. c3 Bf5 15. Nc5 a5 16. Re1 Qd6 17. Qd4 Rab8 18. b3 Rfe8 19. g3 Ne4 20. Nxe4 Rxe4 21. Qd2 Rbe8 22. Bf3 R4e7 23. Rxe7 Qxe7 24. h4 h6 25. Rc1 Qa3 26. c4 Rd8 27. cxd5 cxd5 28. Re1 d4 29. Re5 Be6 30. Rxa5 Qd6 31. Ra8 Rxa8 32. Bxa8 Bf5 33. Bf3 d3 34. b4 Bd7 35. a3 Bb5 36. Bd1 Qd4 37. a4 Bc4 38. b5 Qa1 39. b6 Qb1 40. a5 Bb3 41. b7 Bxd1 42. b8=Q+ Qxb8 43. Qxd1 Qb5 44. Qd2 f5 45. Kg2 Kf7 46. Kf3 Ke6 47. Ke3 Ke5 48. Qc3+ Ke6 49. Kd2 g5 50. hxg5 hxg5 51. f4 gxf4 52. gxf4 Qa6 53. Qe5+ Kd7 54. Qxf5+ Ke7 55. Qe5+ Kf7 56. Qc7+ Kf8 57. Qc5+ Kf7 58. Qd5+ Kf8 59. Qf5+ Kg8 60. Qg5+ Kf8 61. Qd8+ Kf7 62. Qc7+ Kf8 63. Qc5+ Kf7 64. f5 Kf6 65. Qb6+ Qxb6 66. axb6 Kxf5 67. b7 1-0


[Site "https://www.chess.com"]

[Event "Titled Tuesday Blitz April 26 Late 2022"]
[White "Rustemov, Alexander"]
[Black "Fedoseev, Vladimir"]
[WhiteFideId "4119002"]
[BlackFideId "24130737"]
[WhiteElo "2869"]
[BlackElo "2726"]
[Result "0-1"]
[Round "06"]
[TimeControl "180+1"]
[Date "2022.04.26"]
[WhiteClock "0:00:02"]
[BlackClock "0:00:21"]

1. d4 d5 2. c4 e6 3. Nc3 a6 4. cxd5 exd5 5. Nf3 h6 6. Bf4 Nf6 7. e3 c5 8. Be2 Nc6 9. O-O Be6 10. Ne5 Rc8 11. Nxc6 Rxc6 12. dxc5 Bxc5 13. Be5 O-O 14. Bf3 Nd7 15. Bd4 Nb6 16. Bxc5 Rxc5 17. Qd4 Rc4 18. Qd2 d4 19. Rfd1 Rb4 20. b3 Nd7 21. Ne2 Qe7 22. Nxd4 Ne5 23. Rac1 Rb6 24. Qc3 Nxf3+ 25. Nxf3 Bg4 26. Qc7 Qf6 27. Qg3 Bxf3 28. Qxf3 Qb2 29. Ra1 Rc6 30. Rdb1 Qa3 31. g3 Rfc8 32. Rd1 Qb2 33. Qd5 Rf6 34. Rf1 Rc2 35. Qd8+ Kh7 36. Qd3+ g6 37. Qd4 Rfxf2 38. Rxf2 Rxf2 39. Qxb2 Rxb2 40. Rd1 b5 41. Rd7 Kg7 42. e4 Rxa2 43. e5 Re2 44. Rd5 Re3 45. b4 Re4 46. Rd6 Rxe5 47. Rxa6 Re4 48. Rb6 Rxb4 49. h4 Rb2 50. Kf1 b4 51. Rb7 h5 52. Rb6 b3 53. Rb7 Kf6 54. Rb5 Ke6 55. Kg1 Kd6 56. Rb7 Kc5 57. Kf1 Kc4 58. Rc7+ Kd3 59. Rd7+ Ke3 0-1


[Site "https://www.chess.com"]

[Event "Titled Tuesday Blitz April 26 Late 2022"]
[White "Sadovsky, Artem"]
[Black "De Souza, Cristiano Gomes"]
[WhiteFideId "4155840"]
[BlackFideId "2151758"]
[WhiteElo "2314"]
[BlackElo "2068"]
[Result "1-0"]
[Round "06"]
[TimeControl "180+1"]
[Date "2022.04.26"]
[WhiteClock "0:00:02"]
[BlackClock "0:00:55"]

1. Nf3 Nf6 2. c4 g6 3. b3 Bg7 4. Bb2 O-O 5. e3 d6 6. d4 c5 7. Nc3 Na6 8. Be2 Nc7 9. O-O a6 10. dxc5 dxc5 11. Na4 Ne6 12. Qxd8 Rxd8 13. Nb6 Rb8 14. Be5 Nd7 15. Bxb8 Bxa1 16. Ba7 Bf6 17. Rd1 Nxb6 18. Rxd8+ Nxd8 19. Bxb6 Ne6 20. Nd2 Be5 21. Ne4 Bd6 22. Bg4 f5 23. Nxd6 exd6 24. Bf3 Kf7 25. Bd5 Ke7 26. f4 h6 27. Kf2 Nf8 28. Ba5 b5 29. cxb5 axb5 30. a4 bxa4 31. bxa4 Bd7 32. Bb3 Bc6 33. Bc3 Ne6 34. a5 Bb5 35. Bd5 Nc7 36. Bb7 Na6 37. h3 Kd7 38. g4 Kc7 39. gxf5 gxf5 40. Bf3 Bc4 41. Kg3 d5 42. Kh4 Kc6 43. Kh5 Kb5 44. Kxh6 Nb4 45. Kg5 Bd3 46. h4 Kc4 47. Bd2 d4 48. h5 dxe3 49. Bxe3 Nd5 50. Bd2 Ne7 51. h6 Kd4 52. h7 c4 53. h8=Q+ Kc5 54. Qe5+ 1-0


[Site "https://www.chess.com"]

[Event "Titled Tuesday Blitz April 26 Late 2022"]
[White "Sailer, Mike"]
[Black "Song, Guannan Terry"]
[WhiteFideId "2012901"]
[BlackFideId "2614189"]
[WhiteElo "2109"]
[BlackElo "2115"]
[Result "0-1"]
[Round "06"]
[TimeControl "180+1"]
[Date "2022.04.26"]
[WhiteClock "0:00:05"]
[BlackClock "0:00:05"]

1. Nf3 g5 2. Nxg5 e5 3. d3 d5 4. e4 h6 5. Nf3 Nf6 6. exd5 Qxd5 7. Nc3 Bb4 8. Bd2 Bxc3 9. Bxc3 Nc6 10. Be2 Rg8 11. Nd2 Qxg2 12. Bf3 Qh3 13. Qe2 Be6 14. O-O-O Bd5 15. Bxe5 Nxe5 16. Qxe5+ Qe6 17. Qxc7 Rc8 18. Qf4 Qc6 19. Rde1+ Kd8 20. c4 Bxf3 21. Nxf3 Nd7 22. Nd4 Qa6 23. Kb1 Qg6 24. Nf5 Qg5 25. Qxg5+ hxg5 26. Nd6 Rc7 27. Nxf7+ Kc8 28. Nd6+ Kb8 29. Re7 Nc5 30. Rxc7 Kxc7 31. Nb5+ Kb6 32. d4 Ne4 33. f3 Nd2+ 34. Kc2 Nxc4 35. Nc3 Ne3+ 36. Kd3 Ng2 37. Rg1 Nf4+ 38. Kc4 Rc8+ 39. Kb3 Ne6 40. d5 Nd4+ 41. Ka3 Nxf3 42. Rg3 Rf8 43. h4 gxh4 44. Rg6+ Kc7 45. Ne4 Rh8 46. Rg7+ Kb6 47. Rg6+ Kc7 48. Rg7+ Kb8 49. d6 h3 50. d7 h2 51. Ng3 Kc7 52. Nh1 Ne5 53. Kb4 Nxd7 54. Kc4 Kc6 55. Kd4 Nf6 56. Ke5 Ne8 57. Rg2 Nc7 58. Rc2+ Kb6 59. a3 Rh5+ 60. Kf4 Rc5 61. Rd2 Nd5+ 62. Kg3 Nf6 63. Kxh2 Ne4 64. Re2 Rc4 65. Ng3 Nc5 66. Kg2 Nd3 67. Nf1 Nf4+ 68. Kf3 Nxe2 69. Kxe2 Rc2+ 70. Nd2 Rxb2 71. Kd3 Ra2 72. Kc3 Rxa3+ 73. Kb4 Ra6 74. Nc4+ Kc7 0-1


[Site "https://www.chess.com"]